 Dungeon Crawl Stone Soup version 0.18-b1-22-ge198996 (webtiles) character file.

54 Zhenya25pyc the Covered (level 3, 0/23 HPs)
             Began as a Gargoyle Fighter on May 4, 2016.
             Slain by an adder (3 damage)
             ... on level 2 of the Dungeon.
             The game lasted 00:01:27 (1361 turns).

Zhenya25pyc the Covered (Gargoyle Fighter)          Turns: 1361, Time: 00:01:28

Health: 0/23       AC: 10    Str: 20    XL:     3   Next: 91%
Magic:  3/3        EV:  2    Int:  8    God:
Gold:   24         SH:  9    Dex:  9    Spells: 0 memorised, 2 levels left

rFire  . . .     SeeInvis .     a - +0 flail
rCold  . . .     Gourm    .     b - +0 scale mail
rNeg   + . .     Faith    .     c - +0 shield
rPois  ∞         Spirit   .     (no helmet)
rElec  +         Dismiss  .     (no cloak)
rCorr  .         Reflect  .     (no gloves)
SustAt .         Harm     .     (no boots)
MR     .....                    (no amulet)
Stlth  ..........               (no ring)
                                (no ring)

@: not resistant to hostile enchantments, extremely unstealthy
A: negative energy resistance 1, electricity resistance, unbreathing,
petrification resistance, rot immunity, AC +3
a: no special abilities


You were on level 2 of the Dungeon.
You were not hungry.

You visited 1 branch of the dungeon, and saw 2 of its levels.

You collected 24 gold pieces.

Inventory:

Hand Weapons
 a - a +0 flail (weapon)
Armour
 b - a +0 scale mail (worn)
 c - a +0 shield (worn)
Jewellery
 k - an uncursed ring of sustain attributes {unknown}
Scrolls
 e - a scroll of fear {unknown}
 h - a scroll of identify {unknown}
 i - a scroll of fog {unknown}
 l - a scroll of recharging {unknown}
 m - a scroll of enchant armour {unknown}
Potions
 d - a potion of might
 g - 2 potions of curing {unknown}
Comestibles
 f - 2 bread rations
 j - a beef jerky
 n - a chunk of flesh


   Skills:
 + Level 3.5 Fighting
 * Level 2.9 Maces & Flails
 + Level 4.0 Armour
 + Level 3.6 Shields


You had 2 spell levels left.
You didn't know any spells.

Dungeon Overview and Level Annotations

Branches:
Dungeon (2/15)

Altars:


Innate Abilities, Weirdness & Mutations

You are resistant to torment.
Your stone body is resilient (AC +3).
You are immune to poison.
You resist negative energy.
You are resistant to electric shocks.
You can survive without breathing.
You are immune to petrification.
You are immune to rotting.


Message History

You are too injured to fight recklessly!
You are too injured to fight recklessly!
You are too injured to fight recklessly!
You are too injured to fight recklessly!
You are too injured to fight recklessly!
You are too injured to fight recklessly!
You are too injured to fight recklessly!
You are too injured to fight recklessly!
You are too injured to fight recklessly!
You are too injured to fight recklessly!
You are too injured to fight recklessly!
The adder bites you but does no damage. The adder bites you.
* * * LOW HITPOINT WARNING * * *
You block the adder's attack.
There is an escape hatch in the floor here.
You can't go up here!
The bat barely misses you. The adder bites you but does no damage.
The adder bites you.
You die...

### ..... ..... ..
..##..... .... . .#
...#.....# #...###.# ....
......... #.....#.##....
....##.#### #............
#.#.......###..#)#.......
#................#b#.....
..........#...rSS........
..##......#####.@........
#.....[...# ###........
##.....#########...##....
###....................>
##............#...... .#
#....<....)..#.#..... .#
#...........##.##.... .##
#...........# .# ....
...##...........# .# #..


You could see 2 adders, a bat and a rat.

Vanquished Creatures
  3 adders (D:2)
  A dart slug (D:1)
  A giant cockroach (D:1)
  4 goblins (D:1)
  3 hobgoblins
  3 jackals (D:2)
  4 kobolds (D:2)
  2 bats
  2 giant newts
  2 rats (D:2)
25 creatures vanquished.

Notes
Turn   | Place    | Note
--------------------------------------------------------------
     0 | D:1      | Zhenya25pyc the Gargoyle Fighter began the quest for the Orb.
     0 | D:1      | Reached XP level 1. HP: 14/14 MP: 1/1
   221 | D:1      | Reached XP level 2. HP: 17/19 MP: 2/2
   949 | D:2      | Reached XP level 3. HP: 19/23 MP: 3/3
  1047 | D:2      | Reached skill level 4 in Armour
  1361 | D:2      | Slain by an adder

Skill      XL: |  1  2  3 |
---------------+----------+-----
Armour         | 4 |  4.0
Fighting       | |  3.5
Maces & Flails | |  2.9
Shields        | |  3.6

Action                   || total
-------------------------++-------
Melee: Flail             ||   141
  Eat: Chunk             ||     2
Armor: Scale mail        ||   100
Dodge: Dodged            ||    68
Block: Shield            ||   106
